Cogmind - Beta 15 @@@ ROGUE MODE // 2025.08.02 @ 17:59:09 Player: beans Result: Destroyed by AP-ZDV(R) with Subdweller Machine Gun Performance ------------- Evolutions (0) 0 Regions Visited (2) 400 Robots Destroyed (14) 70 Value Destroyed (475) 475 Prototype IDs (11) 220 Alien Tech Used (0) 0 Bonus (0) 0 TOTAL SCORE: 1165 Bonus ------- None Cogmind --------- Core Integrity 0/250 Matter 14/300 Energy 88/100 System Corruption 0% Temperature Cool (0) Movement Core (200) Ox3 Location -10/Subcaves Parts ------- > --- POWER (1) -------- (None) > --- PROPULSION (2) --- (None) > --- UTILITY (2) ------ (None) > --- WEAPON (2) ------- Assault Rifle Subdweller Shrapnel Launcher > --- INVENTORY (5) ---- Grenade Launcher Subdweller Shrapnel Launcher Peak State ------------ > --- POWER ------------ Ion Engine > --- PROPULSION ------- Light Treads Light Treads > --- UTILITY ---------- Subdweller Optics > --- WEAPON ----------- Subdweller Machine Gun Subdweller Machine Gun > --- INVENTORY -------- Assault Rifle Assault Rifle Grenade Launcher Subdweller Shrapnel Launcher [Rating: 9] Favorites ----------- Power Ion Engine Engine Ion Engine Propulsion Light Treads Treads Light Treads Utility Subdweller Optics Device Subdweller Optics Weapon Subdweller Machine Gun Energy Gun Subdweller Laser Ballistic Gun Subdweller Machine Gun Launcher Subdweller Shrapnel Launcher Special Weapon Flamer Build | -11 -10 -10 ------- Run | Yrd Mat Sub Slots Evolved . | . . . Power . | . . . Propulsion . | . . . Utility . | . . . Weapon . | . . . Parts Attached 13 | 5 1 7 Power 1 | 1 . . Engine 1 | 1 . . Core . | . . . Reactor . | . . . Propulsion 2 | 2 . . Treads 2 | 2 . . Leg . | . . . Wheel . | . . . Hover . | . . . Flight . | . . . Utility 2 | . 1 1 Device 2 | . 1 1 Storage . | . . . Processor . | . . . Hackware . | . . . Protection . | . . . Artifact . | . . . Weapon 8 | 2 . 6 Energy Gun 1 | . . 1 Energy Cannon . | . . . Ballistic Gun 4 | 2 . 2 Ballistic Cannon . | . . . Launcher 2 | . . 2 Special Weapon 1 | . . 1 Impact Weapon . | . . . Slashing Weapon . | . . . Piercing Weapon . | . . . Special Melee Weapon . | . . . Unidentified Prototypes . | . . . Parts Lost 9 | . . 9 Power 1 | . . 1 Propulsion 2 | . . 2 Utility 2 | . . 2 Weapon 4 | . . 4 Highest Loss Streak 3 | . . 3 To Critical Strikes . | . . . Average Backups 3 | . . 3 Power . | . . . Propulsion . | . . . Utility . | . . . Weapon 3 | . . 3 Tool/Special . | . . . Unused Backups 1 | . . 1 Power . | . . . Propulsion . | . . . Utility . | . . . Weapon 1 | . . 1 Tool/Special . | . . . Average Slot Usage (%) 63 | . 77 63 Engine 7 | . 14 7 Treads 22 | . 28 21 Device 6 | . 6 6 Energy Gun 2 | . . 2 Ballistic Gun 21 | . 28 21 Launcher 1 | . . 1 Special Weapon 2 | . . 2 Peak Build Rating 9 | 5 6 9 Average Rating 6 | 3 5 6 On Entrance 3 | . 5 6 Naked Turns . | . . . Heaviest Build 15 | 9 10 15 Greatest Support 40 | 40 40 40 Greatest Overweight (x) 3 | . . 3 Average Overweight (x) . | . . . Largest Inventory Capacity 5 | 5 5 5 Average Capacity 5 | 5 5 5 Most Carried 5 | 4 2 5 Average Carried 3 | . . 3 Final Capacity 5 | 5 5 5 Final Carried 2 | . 1 2 Class Distribution -------------------- 100% | Mutant Dominant Class ---------------- Mutant | -10/Materials Mutant | -10/Subcaves Resources | -11 -10 -10 ----------- Run | Yrd Mat Sub Matter Collected 671 | 226 . 445 Remotely . | . . . Salvage Created 400 | . . 400 Parts 26 | . . 26 Haulers Intercepted . | . . . Recyclers Shooed . | . . . Parts Field Recycled . | . . . Retrieved Matter . | . . . Parts Self-Destructed 12 | . . 12 Prevented . | . . . Kills | -11 -10 -10 ------- Run | Yrd Mat Sub Combat Hostiles Destroyed 14 | . . 14 Guns 8 | . . 8 Cannons 1 | . . 1 AOE 5 | . . 5 Classes Destroyed 3 | . . 3 Swarmer 3 | . . 3 Sentry 1 | . . 1 Subdweller 10 | . . 10 Best Kill Streak 2 | . . 2 Combat Bots Only 2 | . . 2 Max Kills in Single Turn 1 | . . 1 Gunslinging . | . . . Exploded 1 | . . 1 Melee . | . . . Uniques/NPCs Destroyed . | . . . Combat | -11 -10 -10 -------- Run | Yrd Mat Sub Hostile Shots Fired 78 | . . 78 Missed 24 | . . 24 Hits 54 | . . 54 Projectile 54 | . . 54 Critical Strikes 1 | . . 1 Damage Taken 1213 | . . 1213 Core 258 | . . 258 Absorbed by Shields . | . . . Core Remaining (%) 100 | 100 . . Volleys Fired 84 | . . 84 Largest 2 | . . 2 Hottest 160 | . . 160 Shots Fired 113 | . . 113 Gun 88 | . . 88 Cannon . | . . . Launcher 18 | . . 18 Special 7 | . . 7 Kinetic 96 | . . 96 Thermal 17 | . . 17 Explosive . | . . . Electromagnetic . | . . . Robot Hit Streak 17 | . . 17 Robot Miss Streak 3 | . . 3 Penetration Max . | . . . Secondary Targets . | . . . Shots Hit Robots 65 | . . 65 Core Hits 30 | . . 30 Critical Kills . | . . . Critical Parts Destroyed . | . . . Critical Strikes 3 | . . 3 Burn 1 | . . 1 Destroy 2 | . . 2 Melee Attacks . | . . . Impact . | . . . Slashing . | . . . Piercing . | . . . Sneak Attacks . | . . . Combat Hostiles . | . . . Follow-up Attacks . | . . . Damage Inflicted 1842 | . . 1842 Guns 842 | . . 842 Cannons . | . . . Explosions 967 | . . 967 Melee . | . . . Ramming . | . . . Kinetic 1742 | . . 1742 Thermal 100 | . . 100 Explosive . | . . . Electromagnetic . | . . . Impact . | . . . Slashing . | . . . Piercing . | . . . Highest Corruption . | . . . Average Corruption . | . . . Corruption Purged . | . . . Corruption Blocked . | . . . Overload Shots . | . . . Overflow Damage . | . . . Projectiles . | . . . Explosions . | . . . Melee . | . . . Knockbacks . | . . . Impact . | . . . Kinetic . | . . . Secondary . | . . . Self-Inflicted Damage 65 | . . 65 Shots 3 | . . 3 Rammed . | . . . Targets Rammed . | . . . Kicked . | . . . Crushed . | . . . Highest Temperature . | . . . Average Temperature . | . . . Received Heat Transfer 111 | . . 111 Siege Activations . | . . . Martial Activations . | . . . Shielding Activations . | . . . Robots Disrupted . | . . . Combat Hostiles . | . . . Robots Corrupted . | . . . Combat Hostiles . | . . . Parts Fried . | . . . Impact Corruptions . | . . . Robots Melted . | . . . Combat Hostiles . | . . . Parts Melted 1 | . . 1 Heat Transferred 475 | . . 475 Parts Sabotaged . | . . . Parts Stolen . | . . . Parts Stripped . | . . . Power Chain Reactions . | . . . Alert | -11 -10 -10 ------- Run | Yrd Mat Sub Maximum Alert Level . | . . . Low Security (%) 100 | 100 100 . Level 1 . | . . . Level 2 . | . . . Level 3 . | . . . Level 4 . | . . . Level 5 . | . . . High Security . | . . . Max Security . | . . . Peak Influence . | . . . Initial . | . . . Average . | . . . Influence Increases 80 | . . 80 Destroy 0b10 Robot/C 80 | . . 80 Influence Decreases 80 | . . 80 Time Decay 50 | . . 50 Lost Part 30 | . . 30 Squads Dispatched . | . . . Investigation . | . . . Extermination . | . . . Reinforcement . | . . . Assault . | . . . Garrison . | . . . Intercept . | . . . Searches Triggered . | . . . Construction Impeded . | . . . Haulers Reinforced . | . . . Active Scanning Responses . | . . . Cargo Convoy Interrupts . | . . . Stealth | -11 -10 -10 --------- Run | Yrd Mat Sub Distress Signals . | . . . Communications Jammed . | . . . Distress Signals . | . . . Times Spotted 16 | . . 16 Peak Tracking Total 3 | . . 3 Tactical Retreats . | . . . Traps | -11 -10 -10 ------- Run | Yrd Mat Sub Traps Triggered 1 | . . 1 Indirectly . | . . . Trap Hack Attempts . | . . . Triggered . | . . . Disarmed . | . . . Reprogrammed . | . . . Reused . | . . . Traps Extracted . | . . . Installed . | . . . Triggered . | . . . Machines | -11 -10 -10 ---------- Run | Yrd Mat Sub Machines Disabled . | . . . Max in Single Turn . | . . . Machines Repaired . | . . . Machines Dismantled . | . . . Machines Sabotaged . | . . . Overloaded Fab Kills . | . . . Hacking | -11 -10 -10 --------- Run | Yrd Mat Sub Machines Accessed 2 | . . 2 Terminals . | . . . Fabricators . | . . . Repair Stations . | . . . Recycling Units . | . . . Scanalyzers . | . . . Garrison Access . | . . . Total Hacks 5 | . . 5 Successful 5 | . . 5 Failed . | . . . Catastrophic . | . . . Database Lockouts . | . . . Manual . | . . . Terminals . | . . . Fabricators . | . . . Repair Stations . | . . . Recycling Units . | . . . Scanalyzers . | . . . Garrison Access . | . . . Terminal Hacks 5 | . . 5 Record 4 | . . 4 Proto ID Catalog 1 | . . 1 Fabricator Hacks . | . . . Repair Station Hacks . | . . . Recycling Unit Hacks . | . . . Scanalyzer . | . . . Garrison Access Hacks . | . . . Unauthorized Hacks . | . . . Terminals . | . . . Fabricators . | . . . Repair Stations . | . . . Recycling Units . | . . . Scanalyzers . | . . . Garrison Access . | . . . Data Cores Recovered . | . . . Used . | . . . Hacking Detections . | . . . Full Trace Events . | . . . Feedback Events . | . . . Feedback Blocked . | . . . Robot Schematics Acquired . | . . . Robots Built . | . . . Authchips . | . . . Time . | . . . Total Robot Build Rating . | . . . Part Schematics Acquired . | . . . Parts Built . | . . . Authchips . | . . . Time . | . . . Total Part Build Rating . | . . . Parts Repaired . | . . . Time . | . . . Parts Recycled . | . . . Recycled Matter . | . . . Retrieved Matter . | . . . Retrieved Components . | . . . Parts Scanalyzed . | . . . Part Schematics Acquired . | . . . Parts Damaged . | . . . Bothacking | -11 -10 -10 ------------ Run | Yrd Mat Sub Used RIF Installer . | . . . Robots Hacked . | . . . Non-combat . | . . . Combat . | . . . Robot Hacks Applied . | . . . Relay Couplers Released . | . . . Fabnet Peak Effective % . | . . . Robots Rewired . | . . . Allies Hacked . | . . . Hacks Repelled . | . . . Allies | -11 -10 -10 -------- Run | Yrd Mat Sub Total Allies . | . . . Largest Group . | . . . Highest-Rated Group . | . . . Highest-Rated Ally . | . . . Total Orders . | . . . Ally Attacks . | . . . Total Damage . | . . . Kills . | . . . Allies Corrupted . | . . . Allies Melted . | . . . Intel | -11 -10 -10 ------- Run | Yrd Mat Sub Active Infowar (turns) 139 | . . 139 Optics 139 | . . 139 Robot Analysis Total . | . . . Derelict Logs Recovered . | . . . Drone Launches . | . . . Drone Recoveries . | . . . Exploration | -11 -10 -10 ------------- Run | Yrd Mat Sub Turns Passed 3436 | 112 122 3202 Spaces Moved 1265 | 75 54 1136 Core 19 | 15 . 4 Treads 1246 | 60 54 1132 Legs . | . . . Wheels . | . . . Hover . | . . . Flight . | . . . Fastest Speed 50 | 50 160 100 Average Speed 158 | 138 160 160 Slowest Speed 200 | 160 160 200 Overloaded Moves . | . . . Propulsion Burnouts . | . . . Robots Hopped . | . . . Potential Cave-ins . | . . . Cave-ins Triggered . | . . . Exploration Rate (%) 26 | 4 18 58 Regions Visited 2 Branch Regions 1 Pre-discovered Areas . | . . . Known Exits Taken . | . . . Unknown Exits Taken 2 | 1 1 . Scrap Searched . | . . . Spaces Dug 37 | . . 37 Terrain Destroyed 225 | . . 225 Melee . | . . . Projectile . | . . . AOE 225 | . . 225 Terrain Rammed . | . . . Walls Destroyed . | . . . Machines Disabled . | . . . Actions | -11 -10 -10 --------- Run | Yrd Mat Sub Total 2570 | 84 90 2396 Wait 1181 | . 34 1147 Move 1263 | 74 53 1136 Hop . | . . . Pick Up 15 | 5 2 8 Fast Attach 1 | . . 1 Attach 12 | 5 1 6 Detach . | . . . Swap 11 | . . 11 Drop 3 | . . 3 Fire 84 | . . 84 Melee . | . . . Ram . | . . . Kick . | . . . Crush . | . . . Escape Stasis . | . . . Rewire . | . . . Trap . | . . . Miscellaneous . | . . . Route ------- -11/Scrapyard -10/Materials (discovered 2 exits: [*Min] / *Sub) -10/Subcaves History --------- Turn | Location | Event 4 | -11/Scrapyard | Discovered new exit (range 15) 113 | -11/Scrapyard | Entered Materials 180 | -10/Materials | Discovered new exit (range 15) 216 | -10/Materials | Discovered new exit (range 6) 235 | -10/Materials | Entered Subcaves 236 | -10/Subcaves | Approached by a straggling Scientist 313 | -10/Subcaves | Build established: Mutant 920 | -10/Subcaves | Visited Clippyterm 925 | -10/Subcaves | Learned Research machine intel 2149 | -10/Subcaves | Shifting Twisted Machinery released Sub. Machine Gun 2746 | -10/Subcaves | Shifting Twisted Machinery released Sub. Laser 2776 | -10/Subcaves | Shifting Twisted Machinery released Sub. Machine Gun 2787 | -10/Subcaves | A swath of the cavern ceiling suddenly collapsed 2961 | -10/Subcaves | Visited 4L-MR0's lab 3409 | -10/Subcaves | Core integrity fell below 50% 3423 | -10/Subcaves | Core integrity fell below 20% 3437 | -10/Subcaves | Destroyed by AP-ZDV(R) with Subdweller Machine Gun Last Messages --------------- Gun Armor Tower Shield Power Bank Rainbow Chip VL-GR5's Exoskeleton "Deathgrip" Powered Cannon Subatomizers dissect the Sub. Machine Gun. Acquired 28 matter. Subatomizers dissect the Sub. Machine Gun. Acquired 18 matter. Acquired 3 matter. Subatomizers dissect the Disposable Heat Sink. Acquired 11 matter. Subatomizers dissect the Disposable Heat Sink. Lgt. Treads destroyed. FO-RU7(R) suffers critical hit (Burn). Sub. Optics melted. FO-RU7(R) destroyed. Flamer destroyed. Sub. Laser destroyed. Map ----- +----------------------------------------------------+ | ?????????????????????????????????????????????????? | | ?????????????????????????????????????????????????? | | ?????????????????????????????????????????????????? | | ?????????????????????????????????????????????????? | | ?????????????????????????????????????????????????? | | ?????????????????????????????????????????????????? | | ?????????????????????????????????????????????????? | | ?????????????????????????????????????????????????? | | ?????????????????????????????????????????????????? | | ?????????????????????????????????????????????????? | | ?????????????????????????????????????????????????? | | ?????????????????????????????????????????????????? | | ?????????????????????????????????????????????????? | | ?????????????????????????????????????????????????? | | ?????????????????????????????????????????????????? | | ???????????????????? " ##??????????????????##???? | | ?????????????????????""" "?????????????????# #???? | | ????????????????????? """ ?????????????#### #???? | | ????????????????????## "" ??###???????# #???? | | ????????????????????? " #### #???????# #???? | | ??????????? ? ????## ;## #??###??# ###? | | ??????????? "###; ;# #??# #### ? ## | | ???????????? ""#;; ;# ##?# ## #?# | | ????????????? """;; ];;# ### ### | | ?????????? ???# " ; % ; ## ## | | ?????????#" ## R! @ #?# #?? | | ???????? ;### #### ##? | | ????????# ;;;#### ## #? | | ????????# ## ## #? | | ????????# ### ##? | | ???????? ##?# ##?? | | ????????# ### ; # #??## #??? | | ???????????????# ##### #?## #??# | | ???????????????# ????## #?# #### | | ???????????????# ??????###### #####?# ## | | ??????????????#" ????????????# #?????# ## | | ??????????????# ?????????????## #????### | | ??????????????# ?????????????? ####??????### | | ??????????????#??????????????? #???????????## | | ?????????????????????????????? ????????????# | | ???????????????????????????????????????????# | | ???????????????????????????????????????????### | | ?????????????????????????????????????????????#### | | ????????????????????????????????????????????????## | | ?????????????????????????????????????????????????? | | ?????????????????????????????????????????????????? | | ?????????????????????????????????????????????????? | | ?????????????????????????????????????????????????? | | ?????????????????????????????????????????????????? | | ?????????????????????????????????????????????????? | +----------------------------------------------------+ Best States ------------- Heat Dissipation 35 Energy Generation 10 Energy Capacity 250 Matter Stores 300 Matter Capacity 300 Sight Range 21 Terrain Scan Density 10 Evasion (%) 50 Recoil Reduction 2 Item Schematics ----------------- None Robot Schematics ------------------ None Fabricated ------------ Nothing Repaired ---------- Nothing Alien Tech Used ----------------- None Achievements -------------- None Challenges ------------ None Game ------ Seed DirtyBlanketBeam Manual? 0 Play Time 00:13:13 Cumulative 77.4 hours Start 2025.08.02 @ 16:53:57 End 2025.08.02 @ 17:59:09 Sessions 1 Manual Loads 0 Difficulty Rogue Special Mode None Game No. 313 Rogue 313 Adventurer 0 Explorer 0 Win Type - Total 0 Types 0/0/0/0/0/0/0/0/0/0 Lore% 28 Gallery% 34 Achievement% 28 Wizard Run 0 Options --------- Layout 2 ASCII 0 Keyboard 0 Movement Mouse Keybinds 0 Fullscreen 2 Font 24/Smallcaps Map View 50x44 Zoom Use 0% Tactical HUD 0 Map Filters NONE Filters NONE Steam 1 RUN: 04dee413-9f1c-4398-b45b-d86fc43b20cc